AoeStats
← Megaman

Glade

510867724Analyzed
1v1 RM · 20h ago on Oct 2, 2026· 45m 53s· 2 players
Game mode
Random Map
Map size
Tiny (2 player)
Population
200
Speed
Normal
Resources
Standard
Victory
Conquest
Starting age
Dark Age
Ending age
Imperial Age
RankedLock teamsTeams togetherTeam positionsShared explorationLock speedFull tech treeHidden civsTurbo modeCheats
Victory
Defeat
🇫🇷 Franks · France
836
+14
🇺🇸 Wei · United States
803
-14
Megaman
2:33 Loom
4:10 Loom
11:31 Feudal Age
12:07 Gold Mining
12:00 Horse Collar
14:09 Double-Bit Axe
17:05 Wheelbarrow
16:26 Stone Mining
18:29 Forging
21:42 Castle Age
22:21 Forging
22:54 Hand Cart
23:21 Stone Shaft Mining
23:26 Gold Shaft Mining
22:54 Heavy Plow
23:08 Bow Saw
28:32 Iron Casting
28:04 Scale Barding Armor
27:55 Pikeman
28:38 Squires
30:26 Scale Mail Armor
31:07 Town Watch
34:00 Imperial Age
32:40 Fletching
33:16 Ballistics
32:37 Treadmill Crane
33:08 Masonry
33:40 Husbandry
33:50 Bloodlines
34:38 Chain Barding Armor
34:14 Bodkin Arrow
36:22 Conscription
36:03 Tuntian
36:18 Halberdier
38:01 Crop Rotation
39:58 Elite Tiger Cavalry
42:16 Hoardings
Guytan57
11:37 Feudal Age
14:17 Loom
17:13 Castle Age
15:14 Double-Bit Axe
18:37 Bow Saw
19:03 Gold Mining
20:00 Stone Mining
20:48 Gold Shaft Mining
23:47 Forging
23:43 Scale Barding Armor
30:07 Iron Casting
29:52 Chain Barding Armor
37:11 Imperial Age
37:58 Wheelbarrow
37:26 Cavalier
38:09 Husbandry
38:46 Plate Barding Armor
39:12 Blast Furnace
37:57 Capped Ram
39:40 Paladin
Connection lost

Rejoining the realm…

Still unreachable

The connection could not be restored.

Session expired

The server has moved on; the page needs a fresh start.